A- - U25
CONNECTICUT TIGERS @ OLYMPIA SPARTANS
06/19/2052
 
TOP OF THE 1ST
Lowell Spinners batting - Pitching for Batavia Muckdogs : LHP Tristan Faust
Pitching: LHP Tristan Faust
Batting: RHB Doug Orosz 0-0: Ball
1-0: Foul Ball, location: 2F
1-1: Swinging Strike
1-2: Ball
2-2: Strikes out looking
Batting: RHB Owen McElroy 0-0: Called Strike
0-1: Ball
1-1: Swinging Strike
1-2: Foul Ball, location: 2F
1-2: Ball
2-2: Ground out 5-3 (Groundball, 5, EV 106.9 MPH)
Batting: RHB Kendrick Norell 0-0: Called Strike
0-1: Ball
1-1: Foul Ball, location: 2F
1-2: Ball
2-2: Ball
3-2: SINGLE (Line Drive, 8LS, EV 97.5 MPH)
Batting: RHB Pelé Cuellar 0-0: Ball
1-0: Foul Ball, location: 2F
1-1: Ball
2-1: Foul Ball, location: 2F
2-2: Foul Ball, location: 2F
2-2: Ground out 4-3 (Groundball, 4, EV 99.4 MPH)
Top of the 1st over - 0 runs, 1 hit, 0 errors, 1 left on base; Lowell 0 - Batavia 0
BOTTOM OF THE 1ST
Batavia Muckdogs batting - Pitching for Lowell Spinners : RHP Federico Ortiz
Pitching: RHP Federico Ortiz
Batting: SHB Alejandro Morales 0-0: Called Strike
0-1: Ball
1-1: Foul Ball, location: 2F
1-2: Ball
2-2: Foul Ball, location: 2F
2-2: Foul Ball, location: 2F
2-2: Strikes out swinging
Batting: RHB Leonardo Perales 0-0: Swinging Strike
0-1: Swinging Strike
0-2: Ground out 4-3 (Groundball, 4, EV 106.9 MPH)
Batting: SHB Roberto Esquivel 0-0: Ball
1-0: Called Strike
1-1: Foul Ball, location: 2F
1-2: Ball
2-2: Foul Ball, location: 2F
2-2: Foul Ball, location: 2F
2-2: Fly out, F8 (Flyball, 8LXD, EV 105.0 MPH)
Bottom of the 1st over - 0 runs, 0 hits, 0 errors, 0 left on base; Lowell 0 - Batavia 0
TOP OF THE 2ND
Lowell Spinners batting - Pitching for Batavia Muckdogs : LHP Tristan Faust
Batting: SHB Joey Palmer 0-0: Ball
1-0: Called Strike
1-1: Foul Ball, location: 2F
1-2: Strikes out swinging
Batting: RHB Ted Simm 0-0: Called Strike
0-1: Called Strike
0-2: Ball
1-2: Foul Ball, location: 2F
1-2: Foul Ball, location: 2F
1-2: Ball
2-2: Foul Ball, location: 2F
2-2: Ball
3-2: Foul Ball, location: 2F
3-2: Strikes out swinging
Batting: RHB J.R. Foreman 0-0: Foul Ball, location: 2F
0-1: Foul Ball, location: 2F
0-2: Ball
1-2: Ball
2-2: Foul Ball, location: 2F
2-2: Ground out 5-3 (Groundball, 5S, EV 73.8 MPH)
Top of the 2nd over - 0 runs, 0 hits, 0 errors, 0 left on base; Lowell 0 - Batavia 0
BOTTOM OF THE 2ND
Batavia Muckdogs batting - Pitching for Lowell Spinners : RHP Federico Ortiz
Batting: RHB Jeff Valentine 0-0: Ball
1-0: Called Strike
1-1: Foul Ball, location: 2F
1-2: Foul Ball, location: 2F
1-2: Fly out, F9 (Flyball, 9, EV 88.8 MPH)
Batting: SHB Yordys Tavarez 0-0: Ball
1-0: Fly out, F8 (Flyball, 78M, EV 85.6 MPH)
Batting: RHB Elliott Fore 0-0: Ground out 6-3 (Groundball, 6, EV 91.9 MPH)
Bottom of the 2nd over - 0 runs, 0 hits, 0 errors, 0 left on base; Lowell 0 - Batavia 0
TOP OF THE 3RD
Lowell Spinners batting - Pitching for Batavia Muckdogs : LHP Tristan Faust
Batting: SHB Rick Wadsworth 0-0: Called Strike
0-1: Ball
1-1: Called Strike
1-2: Strikes out swinging
Batting: LHB Jordan Schultz 0-0: Ball
1-0: DOUBLE (Flyball, 8RXD, EV 105.0 MPH)
Batting: RHB Doug Orosz 0-0: Ball
1-0: Foul Ball, location: 2F
1-1: Ball
2-1: Ball
3-1: Foul Ball, location: 2F
3-2: Base on Balls
Batting: RHB Owen McElroy 0-0: Called Strike
0-1: Ball
1-1: Ball
2-1: Fielders Choice at 2nd, 5-4 (Groundball, 5S, EV 83.1 MPH)
Jordan Schultz to third
Batting: RHB Kendrick Norell 0-0: Ball
1-0: Ball
2-0: Foul Ball, location: 2F
2-1: Ground out 5-3 (Groundball, 56S, EV 90.6 MPH)
Top of the 3rd over - 0 runs, 1 hit, 0 errors, 2 left on base; Lowell 0 - Batavia 0
BOTTOM OF THE 3RD
Batavia Muckdogs batting - Pitching for Lowell Spinners : RHP Federico Ortiz
Batting: LHB Vince Kirk 0-0: Foul Ball, location: 2F
0-1: Called Strike
0-2: Foul Ball, location: 2F
0-2: Ball
1-2: Ball
2-2: Strikes out swinging
Batting: RHB Lincoln Fabert 0-0: Called Strike
0-1: Ball
1-1: Foul Ball, location: 2F
1-2: Ball
2-2: Fly out, F8 (Flyball, 8LD, EV 93.8 MPH)
Batting: RHB Hector Cuervo 0-0: Foul Ball, location: 2F
0-1: Ball
1-1: Swinging Strike
1-2: SINGLE (Groundball, 56D, EV 110.6 MPH)
Batting: SHB Alejandro Morales 0-0: Called Strike
0-1: Swinging Strike
0-2: Foul Ball, location: 2F
0-2: Foul Ball, location: 2F
0-2: Ball
1-2: Strikes out swinging
Bottom of the 3rd over - 0 runs, 1 hit, 0 errors, 1 left on base; Lowell 0 - Batavia 0
TOP OF THE 4TH
Lowell Spinners batting - Pitching for Batavia Muckdogs : LHP Tristan Faust
Batting: RHB Pelé Cuellar 0-0: Ball
1-0: Ball
2-0: Ball
3-0: Called Strike
3-1: Base on Balls
Batting: SHB Joey Palmer 0-0: Foul Ball, location: 2F
0-1: Ball
1-1: Ball
Wild Pitch!
Pelé Cuellar to second
2-1: Foul Ball, location: 2F
2-2: SINGLE (Groundball, 4M, EV 101.2 MPH)
Pelé Cuellar to third
Batting: RHB Ted Simm 0-0: Foul Ball, location: 2F
0-1: Ball
1-1: Ball
2-1: Ball
3-1: Called Strike
3-2: Ground out 6-3 (Groundball, 6, EV 87.5 MPH)
Pelé Cuellar scores
Joey Palmer to second
Batting: RHB J.R. Foreman 0-0: Ball
1-0: Ground out 6-3 (Groundball, P, EV 82.5 MPH)
Joey Palmer to third
Pitching: LHP Honesto Aguado
Batting: SHB Rick Wadsworth 0-0: Called Strike
0-1: Ball
1-1: Foul Ball, location: 2F
1-2: Strikes out swinging
Top of the 4th over - 1 run, 1 hit, 0 errors, 1 left on base; Lowell 1 - Batavia 0
BOTTOM OF THE 4TH
Batavia Muckdogs batting - Pitching for Lowell Spinners : RHP Federico Ortiz
Batting: RHB Leonardo Perales 0-0: Ball
1-0: Ball
2-0: Called Strike
2-1: Fly out, F4 (Popup, 34S, EV 84.4 MPH)
Batting: SHB Roberto Esquivel 0-0: Ball
1-0: Ball
2-0: Swinging Strike
2-1: Foul Ball, location: 2F
2-2: Ball
3-2: Base on Balls
Batting: RHB Jeff Valentine 0-0: Called Strike
0-1: SINGLE (Line Drive, 8LS, EV 86.9 MPH)
Roberto Esquivel to second
Batting: SHB Yordys Tavarez 0-0: Foul Ball, location: 2F
0-1: Ball
1-1: Swinging Strike
1-2: Strikes out swinging
Batting: RHB Elliott Fore 0-0: Foul Ball, location: 2F
0-1: Foul Ball, location: 2F
0-2: Ball
1-2: Foul Ball, location: 2F
1-2: Ball
2-2: Ball
3-2: Ground out 3-1 (Groundball, 34S, EV 90.0 MPH)
Bottom of the 4th over - 0 runs, 1 hit, 0 errors, 2 left on base; Lowell 1 - Batavia 0
TOP OF THE 5TH
Lowell Spinners batting - Pitching for Batavia Muckdogs : LHP Honesto Aguado
Batting: LHB Jordan Schultz 0-0: Ball
1-0: Called Strike
1-1: Ball
2-1: Ball
3-1: Base on Balls
Batting: RHB Doug Orosz 0-0: Ball
1-0: Ball
2-0: 2-RUN HOME RUN (Flyball, 78XD, EV 106.9 MPH), Distance : 405 ft
Batting: RHB Owen McElroy 0-0: Ball
1-0: Fly out, F8 (Flyball, 78D, EV 77.5 MPH)
Batting: RHB Kendrick Norell 0-0: Called Strike
0-1: Foul Ball, location: 2F
0-2: Foul Ball, location: 2F
0-2: Strikes out swinging
Batting: RHB Pelé Cuellar 0-0: Foul Ball, location: 2F
0-1: Foul Ball, location: 2F
0-2: Strikes out looking
Top of the 5th over - 2 runs, 1 hit, 0 errors, 0 left on base; Lowell 3 - Batavia 0
BOTTOM OF THE 5TH
Batavia Muckdogs batting - Pitching for Lowell Spinners : RHP Federico Ortiz
Batting: LHB Vince Kirk 0-0: Called Strike
0-1: Ball
1-1: Swinging Strike
1-2: Foul Ball, location: 2F
1-2: Foul Ball, location: 2F
1-2: Foul Ball, location: 2F
1-2: Fly out, F5 (Popup, 5F, EV 81.2 MPH)
Batting: RHB Lincoln Fabert 0-0: Called Strike
0-1: Swinging Strike
0-2: Strikes out swinging
Batting: RHB Hector Cuervo 0-0: Ball
1-0: Foul Ball, location: 2F
1-1: Swinging Strike
1-2: Foul Ball, location: 2F
1-2: Fly out, F8 (Line Drive, 8LM, EV 91.9 MPH)
Bottom of the 5th over - 0 runs, 0 hits, 0 errors, 0 left on base; Lowell 3 - Batavia 0
TOP OF THE 6TH
Lowell Spinners batting - Pitching for Batavia Muckdogs : LHP Honesto Aguado
Batting: SHB Joey Palmer 0-0: Ball
1-0: Called Strike
1-1: Swinging Strike
1-2: Ball
2-2: Foul Ball, location: 2F
2-2: Strikes out swinging
Batting: RHB Ted Simm 0-0: Called Strike
0-1: Foul Ball, location: 2F
0-2: Strikes out looking
Batting: RHB J.R. Foreman 0-0: Called Strike
0-1: Foul Ball, location: 2F
0-2: Foul Ball, location: 2F
0-2: Strikes out swinging
Top of the 6th over - 0 runs, 0 hits, 0 errors, 0 left on base; Lowell 3 - Batavia 0
BOTTOM OF THE 6TH
Batavia Muckdogs batting - Pitching for Lowell Spinners : RHP Federico Ortiz
Pitching: RHP Dan Boer
Batting: SHB Alejandro Morales 0-0: Swinging Strike
0-1: Ground out 6-3 (Groundball, 6, EV 107.5 MPH)
Batting: RHB Leonardo Perales 0-0: Ball
1-0: SINGLE (Groundball, 4MD, EV 105.6 MPH) (infield hit)
Batting: SHB Roberto Esquivel 0-0: Ball
1-0: Ball
2-0: Called Strike
2-1: Ball
3-1: Called Strike
3-2: Base on Balls
Leonardo Perales to second
Batting: RHB Jeff Valentine 0-0: Swinging Strike
0-1: Fly out, F8 (Flyball, 8LS, EV 89.4 MPH)
Batting: SHB Yordys Tavarez 0-0: Called Strike
0-1: Fly out, F8 (Flyball, 8RXD, EV 106.9 MPH)
Bottom of the 6th over - 0 runs, 1 hit, 0 errors, 2 left on base; Lowell 3 - Batavia 0
TOP OF THE 7TH
Lowell Spinners batting - Pitching for Batavia Muckdogs : LHP Honesto Aguado
Batting: SHB Rick Wadsworth 0-0: Swinging Strike
0-1: Ball
1-1: Foul Ball, location: 2F
1-2: Ball
2-2: Strikes out swinging
Batting: LHB Jordan Schultz 0-0: Called Strike
0-1: Called Strike
0-2: Strikes out swinging
Batting: RHB Doug Orosz 0-0: Called Strike
0-1: SINGLE (Groundball, 6, EV 106.9 MPH)
Batting: RHB Owen McElroy 0-0: Ball
1-0: Ball
2-0: Called Strike
2-1: Ground out 4-3 (Groundball, 34, EV 84.4 MPH)
Top of the 7th over - 0 runs, 1 hit, 0 errors, 1 left on base; Lowell 3 - Batavia 0
BOTTOM OF THE 7TH
Batavia Muckdogs batting - Pitching for Lowell Spinners : RHP Dan Boer
Batting: RHB Elliott Fore 0-0: Called Strike
0-1: Called Strike
0-2: Strikes out swinging
Batting: LHB Vince Kirk 0-0: Called Strike
0-1: Ball
1-1: Ball
2-1: Called Strike
2-2: Foul Ball, location: 2F
2-2: Ball
3-2: Strikes out looking
Batting: RHB Lincoln Fabert 0-0: Foul Ball, location: 2F
0-1: Ball
1-1: Foul Ball, location: 2F
1-2: Ball
2-2: Foul Ball, location: 2F
2-2: Ball
3-2: Foul Ball, location: 2F
3-2: Fly out, F7 (Flyball, 7S, EV 87.5 MPH)
Bottom of the 7th over - 0 runs, 0 hits, 0 errors, 0 left on base; Lowell 3 - Batavia 0
TOP OF THE 8TH
Lowell Spinners batting - Pitching for Batavia Muckdogs : LHP Honesto Aguado
Batting: RHB Kendrick Norell 0-0: Foul Ball, location: 2F
0-1: Swinging Strike
0-2: Hit by Pitch
Pitching: RHP Wil Coffey
Batting: RHB Pelé Cuellar 0-0: Ball
1-0: Single, Error in OF, E7, batter to second base (Line Drive, 7S, EV 106.9 MPH)
Kendrick Norell to third
Batting: SHB Joey Palmer 0-0: Intentional Walk
Batting: RHB Ted Simm 0-0: Foul Ball, location: 2F
0-1: Ball
1-1: Ball
2-1: Ball
3-1: Grounds into fielders choice 6-2 (Groundball, 6MS, EV 84.4 MPH)
Pelé Cuellar to third
Joey Palmer to second
Batting: RHB J.R. Foreman 0-0: Ball
1-0: Grounds into fielders choice 1-2 (Groundball, 15S, EV 74.4 MPH)
Joey Palmer to third
Ted Simm to second
Batting: SHB Rick Wadsworth 0-0: Ball
1-0: Foul Ball, location: 2F
1-1: Fly out, F9 (Line Drive, 9, EV 88.1 MPH)
Top of the 8th over - 0 runs, 1 hit, 1 error, 3 left on base; Lowell 3 - Batavia 0
BOTTOM OF THE 8TH
Batavia Muckdogs batting - Pitching for Lowell Spinners : RHP Dan Boer
Batting: RHB Hector Cuervo 0-0: Called Strike
0-1: Ball
1-1: Ball
2-1: SINGLE (Line Drive, 4D, EV 94.4 MPH)
Batting: SHB Alejandro Morales 0-0: Ball
1-0: Ball
2-0: Foul Ball, location: 2F
2-1: Ball
3-1: Base on Balls
Hector Cuervo to second
Pitching: LHP Randall Bingham
Batting: RHB Leonardo Perales 0-0: Called Strike
0-1: Foul Ball, location: 2F
0-2: Ball
1-2: Strikes out swinging
Batting: SHB Roberto Esquivel 0-0: Called Strike
0-1: Foul Ball, location: 2F
0-2: Foul Ball, location: 2F
0-2: 3-RUN HOME RUN (Flyball, 78XD, EV 111.2 MPH), Distance : 402 ft
Batting: RHB Jeff Valentine 0-0: Ball
1-0: SINGLE (Line Drive, 8LS, EV 99.4 MPH)
Batting: SHB Yordys Tavarez 0-0: Ball
1-0: Called Strike
1-1: Foul Ball, location: 2F
1-2: Strikes out swinging
Batting: RHB Elliott Fore 0-0: Ball
1-0: Ground out 4-3 (Groundball, 34, EV 83.1 MPH)
Bottom of the 8th over - 3 runs, 3 hits, 0 errors, 1 left on base; Lowell 3 - Batavia 3
TOP OF THE 9TH
Lowell Spinners batting - Pitching for Batavia Muckdogs : RHP Wil Coffey
Batting: LHB Jordan Schultz 0-0: Ground out 4-3 (Groundball, 34, EV 108.1 MPH)
Batting: RHB Doug Orosz 0-0: Ball
1-0: Ball
2-0: Swinging Strike
2-1: SOLO HOME RUN (Flyball, 89XD, EV 109.4 MPH), Distance : 427 ft
Batting: RHB Owen McElroy 0-0: Foul Ball, location: 2F
0-1: Called Strike
0-2: Strikes out looking
Batting: RHB Kendrick Norell 0-0: SINGLE (Flyball, 3D, EV 86.2 MPH)
Batting: RHB Pelé Cuellar 0-0: Ball
1-0: Called Strike
1-1: Called Strike
1-2: Strikes out swinging
Top of the 9th over - 1 run, 2 hits, 0 errors, 1 left on base; Lowell 4 - Batavia 3
BOTTOM OF THE 9TH
Batavia Muckdogs batting - Pitching for Lowell Spinners : LHP Randall Bingham
Now at 1B: Pelé Cuellar
Now at 2B: Pete Pierce
Pinch Hitting: RHB Marc Pérez 0-0: Swinging Strike
0-1: Fly out, F8 (Line Drive, 8LD, EV 88.8 MPH)
Batting: RHB Lincoln Fabert 0-0: Ball
1-0: Ball
2-0: Ball
3-0: Called Strike
3-1: Fly out, F5 (Popup, 56S, EV 89.4 MPH)
Batting: RHB Hector Cuervo 0-0: Ball
1-0: Ball
2-0: Called Strike
2-1: Swinging Strike
2-2: Foul Ball, location: 2F
2-2: Ball
3-2: Strikes out swinging
Bottom of the 9th over - 0 runs, 0 hits, 0 errors, 0 left on base; Lowell 4 - Batavia 3
Thursday, April 25th , 2024 - OOTP Baseball 24.11 Build 85